 Dungeon Crawl Stone Soup version 0.28.0-53-g5a82cb258f (webtiles) character file.

Game seed: 8630830488758062774

120 Zeld the Gusty (level 5, 0/28 HPs)
             Began as a Tengu Air Elementalist on June 14, 2022.
             Killed from afar by Ijyb (15 damage)
             ... with an iceblast
             ... on level 3 of the Dungeon.
             The game lasted 00:02:28 (3259 turns).

Zeld the Gusty (Tengu Air Elementalist)             Turns: 3259, Time: 00:02:29

Health: 0/28       AC:  2    Str:  8    XL:     5   Next: 4%
Magic:  1/10       EV: 14    Int: 18    God:
Gold:   63         SH:  0    Dex: 14    Spells: 4/10 levels left

rFire   . . .      SeeInvis .   (no weapon)
rCold   . . .      Faith    .   (no shield)
rNeg    . . .      Spirit   .   a - +0 robe
rPois   .          Reflect  .   (helmet restricted)
rElec   .          Harm     .   (no cloak)
rCorr   .          Rampage  .   (no gloves)
Will    .....                   (boots unavailable)
Stlth   ++........              (no amulet)
HPRegen 0.09/turn               (no ring)
MPRegen 0.12/turn               (no ring)

@: flying quickly and evasively, quick
A: beak, talons 3, nimble flight
a: no special abilities


You were on level 3 of the Dungeon.
You visited 1 branch of the dungeon, and saw 3 of its levels.

You collected 63 gold pieces.

Inventory:

Missiles
 h - 2 poisoned darts
Armour
 a - a +0 robe (worn)
Scrolls
 b - 4 scrolls of identify {unknown}
 c - 3 scrolls of fog {unknown}
 d - 2 scrolls of enchant armour {unknown}
 e - a scroll of enchant weapon {unknown}
Potions
 f - 4 potions of curing
 g - a potion of degeneration {unknown}


   Skills:
 - Level 2.1 Dodging
 - Level 2.0 Stealth
 * Level 3.2 Spellcasting
 + Level 2.9 Conjurations
 * Level 5.6 Air Magic


You had 4 spell levels left.
You knew the following spells:

 Your Spells              Type           Power      Damage    Failure   Level
a - Shock                 Conj/Air       72%        1d7       2%          1
b - Static Discharge      Conj/Air       18%        N/A       4%          2
c - Swiftness             Air            23%        N/A       4%          3

Your spell library contained the following spells:

 Spells                   Type           Power      Damage    Failure   Level
 Airstrike                Air            11%        N/A       16%         4


Dungeon Overview and Level Annotations

Branches:
Dungeon (3/15)

Altars:

Annotations:
D:3 Ijyb


Innate Abilities, Weirdness & Mutations

You have a beak for a mouth.
You have claws for feet.
Your magical nature lets you fly swiftly and evasively.


Message History

Confirm with . or Enter, or press ? or * to list all spells.
Ijyb is struck by an arc of lightning.
Ijyb is lightly wounded.
You are struck by an arc of lightning.
The lightning grounds out.
Ijyb hits you with a +0 club.
Unknown command.
Casting: Static Discharge (safe; 4% risk of failure)
Confirm with . or Enter, or press ? or * to list all spells.
Ijyb is struck by an arc of lightning.
Ijyb is moderately wounded.
You are struck by an arc of lightning.
The lightning grounds out.
Ijyb completely misses you.
The kobold throws a stone.
The stone closely misses you.
Casting: Static Discharge (safe; 4% risk of failure)
Confirm with . or Enter, or press ? or * to list all spells.
Ijyb is struck by an arc of lightning.
Ijyb is heavily wounded.
You are struck by an arc of lightning.
The lightning grounds out.
Ijyb barely misses you.
Unknown command.
Casting: Static Discharge (safe; 4% risk of failure)
Confirm with . or Enter, or press ? or * to list all spells.
Ijyb is struck by an arc of lightning!
Ijyb is severely wounded.
You are struck by an arc of lightning.
The lightning grounds out.
Ijyb screams, "I no like you!" Ijyb hits you but does no damage.
You barely miss Ijyb. Your kick misses Ijyb.
Ijyb is severely wounded.
Ijyb misses you. The kobold closely misses you.
You hit Ijyb. Your kick misses Ijyb.
Ijyb is severely wounded.
Ijyb hits you with a +0 club. The kobold misses you.
Your magical contamination has completely faded away.
The kobold throws a stone.
The stone misses you. Ijyb barely misses you. Ijyb completely misses you.
Ijyb zaps a wand.
The mass of ice explodes!
The iceblast engulfs you!
Ouch! That really hurt!
You die...

........ .......
#.....# #.....#
#.....#
#####.....####
#.............
#@###.....#
#..g......#
#..K......#
#.##(.....########
#.##......#.......
#.##......#.......
#.##......#.......
#.##......#.......
#. #.#.####.......


You could see Ijyb and a kobold.

Vanquished Creatures
  An iguana (D:3)
  Robin (D:2)
  3 adders
  2 dart slugs (D:2)
  9 ball pythons
  6 bats
  3 endoplasms
  9 goblins (D:2)
  6 hobgoblins
  2 kobolds (D:2)
  A quokka (D:2)
  3 frilled lizards
  6 rats
52 creatures vanquished.

Vanquished Creatures (others)
  2 plants (D:1)
2 creatures vanquished.

Grand Total: 54 creatures vanquished

Notes
Turn   | Place    | Note
-------+----------+-------------------------------------------
     0 | D:1      | Zeld the Tengu Air Elementalist began the quest for the
                  | Orb.
     0 | D:1      | Reached XP level 1. HP: 10/10 MP: 4/4
   792 | D:1      | Found a faded altar of an unknown god.
   818 | D:1      | Reached XP level 2. HP: 15/15 MP: 4/6
   849 | D:1      | Learned a level 2 spell: Static Discharge
  2104 | D:2      | Reached XP level 3. HP: 19/19 MP: 3/7
  2110 | D:2      | Learned a level 3 spell: Swiftness
  2403 | D:2      | Reached skill level 5 in Air Magic
  2408 | D:2      | Reached XP level 4. HP: 15/24 MP: 1/9
  2536 | D:2      | Noticed Robin
  2549 | D:2      | Killed Robin
  3161 | D:3      | Gained mutation: Your magical nature lets you fly swiftly
                  | and evasively. [Tengu growth]
  3161 | D:3      | Reached XP level 5. HP: 23/28 MP: 3/10
  3243 | D:3      | Noticed Ijyb
  3259 | D:3      | Killed from afar by Ijyb

Illustrated notes

Levels and vault maps discovered:
D:1:      lightli_arrival_quake, layout_loops_corners,
          nicolae_ecumenical_lake_church, minmay_shallow_snake_nest
D:2:      layout_basic, uniq_robin
D:3:      layout_basic, hangedman_decor_riveting, minmay_tree_intersection,
          uniq_crazy_yiuf_cottage, uniq_ijyb

Skill      XL: |  1  2  3  4 |
---------------+-------------+-----
Conjurations   | 2 |  2.9
Air Magic      | 5 |  5.6
Spellcasting   | 3 |  3.2
Dodging        | |  2.1
Stealth        | |  2.0

Action                   |  1- 3 |  4- 6 || total
-------------------------+-------+-------++-------
Melee: Unarmed           |    20 |     7 ||    27
       Peck              |     4 |     1 ||     5
       Kick              |     5 |     1 ||     6
 Cast: Shock             |    40 |    10 ||    50
       Static Discharge  |    15 |    12 ||    27
 Stab: Sleeping          |       |     1 ||     1
Armor: Robe              |     7 |     5 ||    12
Dodge: Dodged            |    33 |    18 ||    51
